 Dungeon Crawl Stone Soup version 0.24-a0-280-g7cec4da (webtiles) character file.

Game seed: 14912424830859085317

819 Collin1234 the Chopper (level 7, 0/61 HPs)
             Began as a Hill Orc Berserker on May 6, 2019.
             Was a Priest of Trog.
             Succumbed to an orc wizard's poison
             ... on level 5 of the Dungeon on May 7, 2019.
             The game lasted 00:14:35 (5637 turns).

Collin1234 the Chopper (Hill Orc Berserker)         Turns: 5637, Time: 00:14:36

Health: 0/61       AC:  7    Str: 20    XL:     7   Next: 95%
Magic:  7/7        EV: 12    Int:  9    God:    Trog [***...]
Gold:   233        SH:  0    Dex: 10    Spells: 6/6 levels left

rFire    . . .     SeeInvis .   u - +2 spear (flame)
rCold    . . .     Gourm    +   (no shield)
rNeg     + . .     Faith    .   f - +0 ring mail
rPois    .         Spirit   .   (no helmet)
rElec    .         Reflect  .   (no cloak)
rCorr    .         Harm     .   s - +0 pair of gloves
MR       .....                  (no boots)
Stlth    +.........             q - amulet of the gourmand
HPRegen  0.20/turn              h - ring of positive energy
MPRegen  0.10/turn              (no ring)

@: lethally poisoned (0 -> -25), berserk cooldown, slowed, very slow
A: no striking features
a: Berserk, Trog's Hand, Renounce Religion


You were on level 5 of the Dungeon.
You worshipped Trog.
Trog was most pleased with you.
You were not hungry.

You visited 1 branch of the dungeon, and saw 6 of its levels.

You collected 233 gold pieces.

Inventory:

Hand Weapons
 a - a +0 hand axe
 u - a +2 spear of flaming (weapon)
Missiles
 j - 10 tomahawks (quivered)
Armour
 f - a +0 ring mail (worn)
 s - a +0 pair of gloves (worn)
Jewellery
 h - a ring of positive energy (left hand)
 q - an amulet of the gourmand (around neck)
 v - an uncursed ring of protection from cold {unknown}
Wands
 r - a wand of paralysis (7)
 y - a wand of clouds (3)
Scrolls
 k - a scroll of fear
 l - 7 scrolls of teleportation
 n - 2 scrolls of remove curse
 p - a scroll of blinking
 w - a scroll of enchant weapon {unknown}
 x - a scroll of identify
Potions
 b - a potion of resistance
 d - 2 potions of flight
 e - 2 potions of curing
 g - a potion of degeneration {unknown}
 i - a potion of cancellation {unknown}
 m - 3 potions of agility {unknown}
 o - 2 potions of heal wounds {unknown}
 t - a potion of magic {unknown}
Comestibles
 c - 6 rations


   Skills:
 + Level 5.3 Fighting
 + Level 6.7(7.3) Axes
 + Level 3.4(5.0) Polearms
 + Level 5.0 Armour
 + Level 3.4 Dodging
 + Level 1.1 Stealth


You had 6 spell levels left.
You didn't know any spells.
Your spell library was empty.

Dungeon Overview and Level Annotations

Branches:
Dungeon (6/15)
 Temple: D:4-7

Altars:
Dithmenos
Kikubaaqudgha
Makhleb
Zin

Annotations:
D:4 1 runed translucent door


Message History

You closely miss the orc wizard.
The orc wizard is almost dead.
You are no longer berserk.
You are exhausted.
You feel yourself slow down.
* * * LOW HITPOINT WARNING * * *
You feel sick.
* * * LOW HITPOINT WARNING * * *
You feel very sick.
The orc wizard hits you but does no damage.
You are more poisoned.
The orc wizard begins to cast a cantrip, but forgets the words!
The orc hits you with a +0 mace.
* * * LOW HITPOINT WARNING * * *
The orc wizard closely misses you.
* * * LOW HITPOINT WARNING * * *
You feel very sick. The orc barely misses you.
The orc wizard barely misses you.
There is a stone staircase leading up, spattered with blood here.
You die...

#....## .. #....#
#........ . #....#
#........ ..
#....###........
...#...............
#...........>......
#..................
#...........>......
......#..$o@.......
#####.#...o########
#####).# #..# ####


You could see an orc wizard and an orc.

Vanquished Creatures
  An ice beast (D:5)
  A phantom (D:4)
  An ogre (D:5)
  A scorpion (D:4)
  A howler monkey (D:4)
  3 hounds
  3 orc wizards
  Terence (D:3)
  3 worker ants
  Robin (D:4)
  A howler monkey skeleton (D:4)
  7 adders
  An ooze (D:1)
  An adder skeleton (D:4)
  3 worms
  2 leopard geckos
  6 orcs
  4 giant cockroaches
  13 goblins
  13 hobgoblins
  4 jackals (D:2)
  8 kobolds
  4 quokkas
  A ball python (D:4)
  13 bats
  4 frilled lizards
  7 rats
108 creatures vanquished.

Notes
Turn   | Place    | Note
-------+----------+-------------------------------------------
     0 | D:1      | Collin1234 the Hill Orc Berserker began the quest for the
                  | Orb.
     0 | D:1      | Reached XP level 1. HP: 19/19 MP: 1/1
   184 | D:1      | Reached XP level 2. HP: 13/27 MP: 2/2
   886 | D:1      | Reached XP level 3. HP: 27/33 MP: 3/3
  1672 | D:2      | Reached ** piety under Trog
  1939 | D:2      | Reached XP level 4. HP: 41/41 MP: 4/4
  2162 | D:2      | Found an ancient bone altar of Kikubaaqudgha.
  2272 | D:3      | Reached skill level 5 in Axes
  2920 | D:3      | Reached XP level 5. HP: 20/47 MP: 5/5
  3358 | D:3      | Noticed Terence
  3375 | D:3      | Killed Terence
  3481 | D:3      | Found a burning altar of Makhleb.
  3497 | D:3      | Reached skill level 6 in Axes
  3497 | D:3      | Reached XP level 6. HP: 51/53 MP: 6/6
  3920 | D:4      | Noticed a phantom
  3962 | D:4      | Killed a phantom
  3962 | D:4      | Reached skill level 1 in Polearms
  4158 | D:4      | Reached XP level 7. HP: 60/60 MP: 7/7
  4174 | D:4      | Noticed Robin
  4187 | D:4      | Killed Robin
  4193 | D:4      | Reached *** piety under Trog
  4275 | D:4      | Reached skill level 5 in Fighting
  4326 | D:4      | Reached skill level 1 in Stealth
  4343 | D:4      | Found a runed translucent door.
  4343 | D:4      | Found a glowing silver altar of Zin.
  4343 | D:4      | Noticed an angel
  4481 | D:4      | You fall through a shaft for 2 floors!
  4519 | D:6      | HP: 3/61 [poisoned by a killer bee]
  4520 | D:6      | HP: 1/61 [poisoned by a killer bee]
  4940 | D:5      | Entered Level 5 of the Dungeon
  5108 | D:5      | Found a shadowy altar of Dithmenos.
  5627 | D:5      | Reached skill level 5 in Armour
  5636 | D:5      | HP: 3/61 [poisoned by an orc wizard]
  5637 | D:5      | Succumbed to an orc wizard's poison

Levels and vault maps discovered:
D:1:      doesnt_arrival_eight_statues, layout_loops_ring, minivault_14
D:2:      layout_rooms, grunt_ministairs_1, minmay_hexomino_r4
D:3:      layout_basic, makhleb_heckhound_becter, first_ration, uniq_terence
D:4:      layout_loops_ring, lemuel_doored_altar, gup_sewer_entry_pipe,
          lemuel_angel_altar, uniq_robin
D:5:      layout_basic, lemuel_coloured_pillars_altar, grunt_gozag_breadcrumbs
D:6:      layout_gridville, serial_shops, shop, serial_glass, glass_columns_a,
          glass_columns_b, glass_columns_a, wad_floor_pattern_1,
          minmay_microvault

Skill      XL: |  1  2  3  4  5  6  7 |
---------------+----------------------+-----
Fighting       | 4 5 |  5.3
Dodging        | 2 3 |  3.4
Axes           | 5 6 |  6.7
Armour         | 3 4 5 |  5.0
Polearms       | 1 3 |  3.4
Stealth        | 1 |  1.1

Action                   |  1- 3 |  4- 6 |  7- 9 || total
-------------------------+-------+-------+-------++-------
Melee: Hand axe          |   133 |   137 |       ||   270
       Spear             |       |    46 |   126 ||   172
Invok: Berserk           |       |     1 |     1 ||     2
  Use: Scroll            |     7 |     4 |     1 ||    12
       Potion            |       |       |     3 ||     3
  Eat: Ration            |     1 |     3 |     1 ||     5
Armor: Animal skin       |    57 |       |       ||    57
       Ring mail         |    10 |    72 |    60 ||   142
Dodge: Dodged            |   178 |   103 |   100 ||   381

Table legend:
 A = Non-vault XP
 B = Vault XP
 C = Vault XP percentage of total XP
 D = Non-vault monster count
 E = Vault monster count
 F = Vault count percentage of total count
                 A         B        C        D         E       F
            +---------+---------+-------+---------+---------+-------
      Total |    1038 |     132 |  11.3 |      89 |      19 |  17.6
            +---------+---------+-------+---------+---------+-------
        D:1 |      50 |       0 |   0.0 |      29 |       0 |   0.0
        D:2 |      28 |      29 |  50.9 |      10 |      10 |  50.0
        D:3 |     169 |      78 |  31.6 |      23 |       2 |   8.0
        D:4 |     407 |      25 |   5.8 |      14 |       7 |  33.3
        D:5 |     299 |       0 |   0.0 |       8 |       0 |   0.0
        D:6 |      85 |       0 |   0.0 |       5 |       0 |   0.0
            +---------+---------+-------+---------+---------+-------
